 Dungeon Crawl Stone Soup version 0.24-a0-274-gb3763e6 (webtiles) character file.

Game seed: 16107022046364866298

730 MatthieuS the Charmwright (level 7, -6/43 HPs)
             Began as a Deep Elf Skald on Apr 26, 2019.
             Was a Believer of Kikubaaqudgha.
             Shot with an arrow by a centaur (18 damage)
             ... on level 5 of the Dungeon.
             The game lasted 00:16:43 (5513 turns).

MatthieuS the Charmwright (Deep Elf Skald)          Turns: 5513, Time: 00:16:44

Health: -6/43      AC:  8    Str:  9    XL:     7   Next: 44%
Magic:  12/16      EV: 12    Int: 19    God:    Kikubaaqudgha [**....]
Gold:   177        SH:  0    Dex: 14    Spells: 4/16 levels left

rFire    . . .     SeeInvis .   n - +0 trident
rCold    . . .     Gourm    .   (no shield)
rNeg     . . .     Faith    .   b - +0 leather armour
rPois    .         Spirit   .   o - +1 helmet
rElec    .         Reflect  .   (no cloak)
rCorr    .         Harm     .   k - +1 pair of gloves
MR       .....                  h - +0 pair of boots
Stlth    +.........             (no amulet)
HPRegen  0.14/turn              (no ring)
MPRegen  0.15/turn              (no ring)

@: shrouded
A: no striking features
a: Receive Corpses, Renounce Religion


You were on level 5 of the Dungeon.
You worshipped Kikubaaqudgha.
Kikubaaqudgha was pleased with you.
You were not hungry.

You visited 1 branch of the dungeon, and saw 5 of its levels.
You also visited: Sewer.

You collected 177 gold pieces.

Inventory:

Hand Weapons
 n - a +0 trident (weapon)
   (You took it off an orc on level 3 of the Dungeon)
Armour
 b - a +0 leather armour (worn)
 h - a +0 pair of boots (worn)
   (You found it on level 2 of the Dungeon)
 k - a +1 pair of gloves (worn)
   (You found it on level 1 of the Dungeon)
 l - a +0 robe of cold resistance
   (You found it on level 4 of the Dungeon)
 o - a +1 helmet (worn)
   (You took it off Robin on level 4 of the Dungeon)
Wands
 u - a wand of paralysis (8)
   (You found it on level 4 of the Dungeon)
Scrolls
 a - a scroll of remove curse {@r2}
 g - 3 scrolls of teleportation {@r4}
 m - a scroll of magic mapping
Potions
 c - a potion of might
 f - 2 potions of flight
 i - 3 potions of heal wounds {@q2}
 j - 3 potions of curing {@q1}
Comestibles
 e - 7 rations
 p - 3 chunks of flesh


   Skills:
 * Level 4.1 Fighting
 * Level 3.7 Polearms
 - Level 0.7 Armour
 - Level 2.4 Dodging
 + Level 5.2 Spellcasting
 - Level 2.0 Hexes
 + Level 6.3 Charms


You had 4 spell levels left.
You knew the following spells:

 Your Spells              Type           Power        Failure   Level  Hunger
a - Infusion              Chrm           ####         1%          1    None
b - Spectral Weapon       Hex/Chrm       ###.....     9%          3    ##.....
e - Regeneration          Chrm/Necr      ###.......   13%         3    ##.....
q - Song of Slaying       Chrm           ####....     1%          2    None
z - Animate Skeleton      Necr           N/A          17%         1    None
A - Shroud of Golubria    Chrm/Tloc      ###.......   7%          2    None

Your spell library contained the following spells:

 Spells                   Type           Power        Failure   Level  Hunger
 Pain                     Necr           #...         17%         1    None
 Sublimation of Blood     Necr           #.........   26%         2    None
 Vampiric Draining        Necr           #.........   45%         3    ##.....


Dungeon Overview and Level Annotations

Branches:
Dungeon (5/15)
 Temple: D:4-7

Altars:
Fedhas
Kikubaaqudgha
Wu Jian

Annotations:
D:4 3 runed translucent doors, Screwby's ghost, amateur HOMo
D:5 Grinder


Message History

Some of the chunks of flesh in your inventory have rotted away.
Found a stone.
Screwby's ghost turns its malevolent gaze towards you.
Found a stone and 3 large rocks.
Done exploring.
Here: Screwby's ghost (fire blocked by a translucent stone wall)
The floor.
Done exploring.
Okay, then.
Screwby's ghost says very slowly, "There's no hope."
There is a stone staircase leading down here.
You climb downwards.
A howler monkey comes into view.
The howler monkey howls!
Found a ration.
There is a stone staircase leading up here.
You draw out your weapon's spirit!
The howler monkey hoots and howls with incredible vigour!
You hear a shout!
You hear an angry hiss.
You hear a howl!
You hear a shout! x3
You hear an angry hiss.
Space distorts slightly along a thin shroud covering your body.
Attack whom?
Aim: a howler monkey (catching its breath)
You reach to attack!
You barely miss the howler monkey.
Your spectral weapon hits the howler monkey!
You closely miss the howler monkey.
Your spectral weapon hits the howler monkey!
You kill the howler monkey!
Kikubaaqudgha accepts your kill.
Something unseen opens the door.
A centaur comes into view.
Grinder comes into view.
The centaur wields a +0 shortbow.
The centaur shoots an arrow.
The arrow hits you.
An iguana comes into view.
A worm comes into view.
The centaur shoots an arrow.
The arrow hits you!
A ball python comes into view.
Grinder gestures at you.
You suddenly lose the ability to move!
Grinder blinks!
The centaur shoots an arrow.
The arrow hits you.
The centaur shoots an arrow.
The arrow hits you!
* * * LOW HITPOINT WARNING * * *
You can move again.
Unknown command.
Unknown command.
The ball python barely misses you. The ball python closely misses you.
The centaur shoots an arrow.
The arrow hits you!!
You die...
Kikubaaqudgha rasps: "You have failed me!
Welcome... death!"

##+## .#
#...##%..##
#..@S..l...
#.(†##...##
+..§# .#
#.... #.c.#
#w..# '...#
.#..5#


You could see Grinder, a centaur, a worm, an iguana, a ball python and a
friendly spectral +0 trident.

Vanquished Creatures
  A sky beast (D:4)
  A phantom (D:4)
  A big kobold (Sewer)
  A bullfrog (D:2)
  A scorpion (D:4)
  A howler monkey (D:5)
  An orc priest (D:3)
  3 worker ants (D:4)
  An iguana (D:4)
  Robin (D:4)
  6 adders
  3 oozes
  An adder skeleton (D:4)
  A worm (D:3)
  A dart slug (D:2)
  5 leopard geckos
  12 orcs
  4 ball pythons
  4 giant cockroaches
  16 goblins
  6 hobgoblins
  4 jackals
  4 quokkas
  10 bats
  3 frilled lizards
  10 kobolds
  A leopard gecko skeleton (D:4)
  2 quokka skeletons (D:4)
  12 rats
117 creatures vanquished.

Vanquished Creatures (collateral kills)
  A bat (D:3)
  A rat (D:3)
2 creatures vanquished.

Vanquished Creatures (others)
  A human (D:2)
1 creature vanquished.

Grand Total: 120 creatures vanquished

Notes
Turn   | Place    | Note
-------+----------+-------------------------------------------
     0 | D:1      | MatthieuS the Deep Elf Skald began the quest for the Orb.
     0 | D:1      | Reached XP level 1. HP: 12/12 MP: 6/6
   259 | D:1      | Reached XP level 2. HP: 3/17 MP: 2/8
   585 | D:1      | Learned a level 2 spell: Song of Slaying
   588 | D:1      | Learned a level 2 spell: Shroud of Golubria
  1504 | D:2      | Reached XP level 3. HP: 14/21 MP: 3/9
  1846 | D:2      | Learned a level 3 spell: Spectral Weapon
  1917 | D:2      | Found an ancient bone altar of Kikubaaqudgha.
  1928 | D:2      | Noticed a human
  1930 | D:2      | Killed a human
  1933 | D:2      | Became a worshipper of Kikubaaqudgha
  2066 | D:2      | Reached XP level 4. HP: 21/26 MP: 7/11
  2083 | D:2      | Reached skill level 5 in Charms
  2311 | D:2      | Noticed a bullfrog
  2327 | D:2      | Killed a bullfrog
  2327 | D:2      | Reached skill level 1 in Hexes
  2327 | D:2      | Reached XP level 5. HP: 15/31 MP: 5/12
  2490 | D:2      | Learned a level 3 spell: Regeneration
  2838 | D:2      | Reached * piety under Kikubaaqudgha
  2838 | D:2      | Identified Kikubaaqudgha's Almanac of Unholy Rites
                  | (Kikubaaqudgha gifted it to you on level 2 of the Dungeon)
  2838 | D:2      | Received a gift from Kikubaaqudgha
  2941 | D:3      | Found a glowing drain.
  2968 | Sewer    | Entered a sewer
  3548 | Sewer    | Found a white marble altar of Elyvilon.
  3738 | D:3      | Learned a level 1 spell: Animate Skeleton
  3760 | D:3      | Reached XP level 6. HP: 37/37 MP: 7/14
  3902 | D:3      | Reached ** piety under Kikubaaqudgha
  4789 | D:4      | Reached skill level 6 in Charms
  4789 | D:4      | Reached XP level 7. HP: 41/42 MP: 11/16
  4792 | D:4      | Found a runed translucent gate.
  4792 | D:4      | Found a runed translucent gate.
  4792 | D:4      | Found a runed translucent gate.
  4813 | D:4      | Found an ornate altar of the Wu Jian Council.
  4868 | D:4      | Found a blossoming altar of Fedhas.
  4947 | D:4      | Reached skill level 5 in Spellcasting
  5258 | D:4      | Noticed Robin
  5266 | D:4      | Killed Robin
  5494 | D:4      | Noticed Screwby's ghost (amateur HOMo)
  5504 | D:5      | Entered Level 5 of the Dungeon
  5508 | D:5      | Noticed Grinder
  5510 | D:5      | Paralysed by Grinder for 3 turns
  5513 | D:5      | Shot with an arrow by a centaur

Levels and vault maps discovered:
D:1:      shiori_arrival_oz, layout_basic
D:2:      layout_basic, first_ration, tgw_kikubaaqudgha
D:3:      layout_loops_ring, portal_sewer_entry_b, minmay_strange_pillars
D:4:      layout_basic, marbit_many_paths, ebering_ghost_rock_garden,
          fedhas_altar_2, uniq_robin
D:5:      layout_gridville, minmay_lizard_king, uniq_grinder

Skill      XL: |  1  2  3  4  5  6  7 |
---------------+----------------------+-----
Fighting       | 2 3 4 |  4.1
Polearms       | 2 3 |  3.7
Charms         | 5 6 |  6.3
Hexes          | 1 2 |  2.0
Spellcasting   | 4 5 |  5.2
Armour         | |  0.7
Dodging        | |  2.4

Action                   |  1- 3 |  4- 6 |  7- 9 || total
-------------------------+-------+-------+-------++-------
Melee: Spear             |    75 |   116 |       ||   191
       Trident           |       |    77 |    35 ||   112
 Cast: Infusion          |    15 |     7 |     3 ||    25
       Shroud of Golubri |     8 |    11 |     3 ||    22
       Spectral Weapon   |     2 |    11 |     7 ||    20
       Regeneration      |       |     4 |     1 ||     5
       Song of Slaying   |       |     3 |       ||     3
       Animate Skeleton  |       |    10 |       ||    10
  Use: Scroll            |     4 |     5 |     1 ||    10
       Potion            |       |     1 |       ||     1
 Stab: Sleeping          |     1 |       |       ||     1
       Distracted        |     1 |       |     1 ||     2
  Eat: Chunk             |     4 |     7 |       ||    11
       Ration            |       |     1 |     1 ||     2
Armor: Leather armour    |    13 |    47 |     5 ||    65
Dodge: Dodged            |    34 |   103 |    15 ||   152

Table legend:
 A = Non-vault XP
 B = Vault XP
 C = Vault XP percentage of total XP
 D = Non-vault monster count
 E = Vault monster count
 F = Vault count percentage of total count
                 A         B        C        D         E       F
            +---------+---------+-------+---------+---------+-------
      Total |     892 |     152 |  14.6 |      93 |      26 |  21.8
            +---------+---------+-------+---------+---------+-------
        D:1 |      24 |       4 |  14.3 |      12 |       2 |  14.3
        D:2 |     206 |       0 |   0.0 |      28 |       0 |   0.0
        D:3 |     111 |      11 |   9.0 |      35 |       6 |  14.6
        D:4 |     497 |      27 |   5.2 |      17 |       7 |  29.2
        D:5 |      54 |       0 |   0.0 |       1 |       0 |   0.0
      Sewer |       0 |     110 | 100.0 |       0 |      11 | 100.0
            +---------+---------+-------+---------+---------+-------
